 Dungeon Crawl Stone Soup version 0.31-a0-4-gefa6de2278 (webtiles) character file.

Game seed: 7599779474887169463

6 GigaChad the Shield-Bearer (level 2, -1/24 HPs)
             Began as a Formicid Fighter on May 3, 2023.
             Frozen to death by an endoplasm (4 damage)
             ... on level 1 of the Dungeon.
             The game lasted 00:00:10 (50 turns).

GigaChad the Shield-Bearer (Formicid Fighter)         Turns: 50, Time: 00:00:10

Health: -1/24      AC:  6    Str: 20    XL:     2   Next: 0%
Magic:  2/2        EV:  9    Int:  7    God:
Gold:   12         SH:  5    Dex: 13    Spells: 1/1 levels left

rFire   . . .        a - +0 war axe
rCold   . . .        c - +0 buckler
rNeg    . . .        b - +0 scale mail
rPois   .            (helmet unavailable)
rElec   .            (no cloak)
rCorr   .            (no gloves)
SInv    +            (no boots)
Will    .....        (no amulet) Stlth
                     (no ring)
HPRegen 0.24/turn    (no ring)
MPRegen 0.08/turn

%: no passive effects
@: silenced
A: permanent stasis, dig shafts and tunnels, antennae 3, four strong arms
a: Dig, Shaft Self


You were on level 1 of the Dungeon.
You visited 1 branch of the dungeon, and saw 1 of its levels.

You collected 12 gold pieces.

Inventory:

Hand Weapons
 a - a +0 war axe (weapon)
Armour
 b - a +0 scale mail (worn)
 c - a +0 buckler (worn)
Scrolls
 f - a scroll of teleportation {unknown}
 g - a scroll of identify {unknown}
Potions
 d - a potion of might


   Skills:
 + Level 3.4 Fighting
 + Level 2.0 Axes
 + Level 3.4 Armour
 + Level 4.1 Shields


You had one spell level left.
You didn't know any spells.
Your spell library was empty.

Dungeon Overview and Level Annotations

Branches:
Dungeon (1/15)

Altars:


Innate Abilities, Weirdness & Mutations

You cannot be hasted, slowed, berserked, paralysed or teleported.
You can dig through walls and to a lower floor.
You have a pair of large antennae on your head. (SInv)
Your four strong arms can wield two-handed weapons with a shield.


Message History

You closely miss the goblin. You slash the endoplasm!
You kill the endoplasm!
You hit the hobgoblin.
You kill the hobgoblin!
The goblin hits you with a +0 club. The goblin hits you but does no damage.
The goblin closely misses you. The goblin closely misses you. x2
Unknown command.
Unknown command.
You hit the goblin.
You kill the goblin!
You barely miss the goblin. You hit the kobold but do no damage.
The goblin hits you but does no damage. You block the kobold's attack.
You have reached level 2!
The kobold barely misses you. The goblin closely misses you.
Things that are here:
a +0 dagger; a goblin corpse Unknown command.
An endoplasm comes into view.
The goblin closely misses you. The kobold hits you with a +0 club.
The endoplasm moves out of view.
Unknown command.
The goblin attacks as you move away! The goblin hits you with a +0 club.
* * * LOW HITPOINT WARNING * * *
The kobold hits you with a +0 club.
* * * LOW HITPOINT WARNING * * *
Unknown command.
You hit the kobold but do no damage. You hit the goblin.
The kobold closely misses you. The goblin barely misses you.
Unknown command.
You hit the kobold.
You kill the kobold!
You closely miss the goblin.
A goblin comes into view. It is wielding a +0 club.
The goblin hits you with a +0 club.
* * * LOW HITPOINT WARNING * * *
The goblin hits you but does no damage. The endoplasm freezes you.
You are frozen.
You die...

...........#.# #.#
..........##.# ##.##
#.........##.# #...♣ ###
##........##.# #...♣♣♣8#
#......!..##.###...♣♣<.'
.g............##...♣♣♣8#
#.........#.......♣♣###
#.....g)..#.###....##..
#.....@)..#.###.......#
#.....J...#........####
#.........[.......[#
#..#.##........†.).#
#..#. ##..#.....##..# #.
#. .###.....###..# # ..
8 #...... .... . )....[.
.... ......# ##.#


You could see an endoplasm (unsilenced) and 2 goblins.

Vanquished Creatures
  An endoplasm (D:1)
  2 goblins (D:1)
  A hobgoblin (D:1)
  A ball python (D:1)
  A kobold (D:1)
6 creatures vanquished.

Notes
Turn   | Place    | Note
-------+----------+-------------------------------------------
     0 | D:1      | GigaChad the Formicid Fighter began the quest for the Orb.
     0 | D:1      | Reached XP level 1. HP: 18/18 MP: 1/1
    46 | D:1      | Reached XP level 2. HP: 9/24 MP: 2/2
    50 | D:1      | Frozen to death by an endoplasm

Illustrated notes

Levels and vault maps discovered:
D:1:      saegor_arrival_simple_b, layout_rooms, minmay_misc_feat_x,
          minmay_pentomino_r4

Action                     || total
---------------------------++-------
  Melee: War axe           ||    10
    Use: Scroll            ||     1
 Armour: Scale mail        ||     7
  Dodge: Dodged            ||    11
  Block: Buckler           ||     1

Table legend: (Time is in decaauts)
 A = Elapsed time spent in this place.
 B = Non-inter-level travel time spent in this place.
 C = Inter-level travel time spent in this place.
 D = Time resting spent in this place.
 E = Time spent auto-exploring this place.
 F = Levels seen in this place.
 G = Mean time per level.
                   A        B        C        D        E       F      G
               +--------+--------+--------+--------+--------+-----+--------+
         Total |     53 |     53 |      0 |      0 |     25 |   1 |   53.0 |
       Dungeon |     53 |     53 |      0 |      0 |     25 |   1 |   53.0 |
               +--------+--------+--------+--------+--------+-----+--------+

Top non-repeatable levels by time:
     D:1: 53 daAuts
